 Dungeon Crawl Stone Soup version 0.24.0-3-g28a8eb0610 (webtiles) character file.

Game seed: 7463219237460176956, levelgen mode: deterministic

934 Descartes the Ducker (level 7, -2/36 HPs)
             Began as a Spriggan Warper on Nov 1, 2019.
             Slain by a killer bee (3 damage)
             ... on level 4 of the Dungeon.
             The game lasted 00:20:08 (8139 turns).

Descartes the Ducker (Spriggan Warper)              Turns: 8139, Time: 00:20:09

Health: -2/36      AC:  3    Str:  7    XL:     7   Next: 86%
Magic:  0/15       EV: 21    Int: 16    God:
Gold:   205        SH:  0    Dex: 16    Spells: 8/15 levels left

rFire    + . .     SeeInvis +   a - +2 dagger (drain)
rCold    + . .     Gourm    .   (shield restricted)
rNeg     . . .     Faith    .   r - +0 robe
rPois    +         Spirit   +   (helmet restricted)
rElec    +         Reflect  .   o - +0 cloak
rCorr    +         Harm     .   (gloves unavailable)
MR       ++...                  (boots unavailable)
Stlth    +++.......             u - amulet of guardian spirit
HPRegen  0.12/turn              n - ring of protection from magic
MPRegen  0.14/turn              (no ring)

@: lethally poisoned (-2 -> -4), resistant, very quick
A: very small, unfitting armour, see invisible, herbivore, speed 3, slow
metabolism 2
a: no special abilities


You were on level 4 of the Dungeon.
You were hungry.

You visited 1 branch of the dungeon, and saw 5 of its levels.

You collected 205 gold pieces.

Inventory:

Hand Weapons
 a - a +2 dagger of draining (weapon)
 b - a +0 hunting sling
 v - a +3 dagger
Missiles
 c - 158 stones
 e - 5 boomerangs of dispersal (quivered)
 g - 2 curare-tipped darts
 h - 16 bolts
 p - 6 poisoned darts
 t - 16 arrows
Armour
 o - a +0 cloak (worn)
 q - a scarf of spirit shield
 r - a +0 robe (worn)
Jewellery
 n - a ring of protection from magic (left hand)
 u - an amulet of guardian spirit (around neck)
Scrolls
 d - a scroll of blinking
 i - a scroll of immolation {unknown}
 j - a scroll of enchant armour {unknown}
 k - 2 scrolls of teleportation {unknown}
 x - a scroll of noise {unknown}
 y - a scroll of enchant weapon {unknown}
Potions
 l - 2 potions of haste
 m - a potion of invisibility
Comestibles
 f - 4 rations


   Skills:
 + Level 3.0 Fighting
 + Level 4.1 Short Blades
 + Level 2.3(2.5) Slings
 - Level 1.0(1.5) Throwing
 + Level 6.0 Dodging
 + Level 4.7 Stealth
 + Level 4.7 Spellcasting
 + Level 2.4 Hexes
 + Level 3.0 Charms
 + Level 5.5 Translocations
 + Level 2.7 Transmutations


You had 8 spell levels left.
You knew the following spells:

 Your Spells              Type           Power        Failure   Level  Hunger
a - Blink                 Tloc           N/A          2%          2    ##.....
b - Shroud of Golubria    Chrm/Tloc      ###...       4%          2    ##.....
c - Sticks to Snakes      Tmut           ##......     8%          2    ##.....
d - Confusing Touch       Hex            ##....       6%          1    None

Your spell library contained the following spells:

 Spells                   Type           Power        Failure   Level  Hunger
 Beastly Appendage        Tmut           ##....       4%          1    None
 Gell's Gravitas          Tloc           ###.......   4%          3    ###....
 Lesser Beckoning         Tloc           ###.......   4%          3    ###....
 Teleport Other           Tloc           ###.....     4%          3    ###....
 Passage of Golubria      Tloc           N/A          16%         4    ####...
 Confuse                  Hex            ##......     19%         3    ###....
 Spider Form              Tmut/Pois      #.........   26%         3    ###....
 Ice Form                 Ice/Tmut       #.......     65%         4    ####...
 Petrify                  Tmut/Erth      #.......     65%         4    ####...
 Blade Hands              Tmut           ##........   80%         5    ######.
 Yara's Violent Unravell  Hex/Tmut       ##........   83%         5    ######.
 Metabolic Englaciation   Hex/Ice        #.........   95%         5    ######.


Dungeon Overview and Level Annotations

Branches:
Dungeon (5/15)
 Temple: D:4-7

Altars:
Ashenzari
Dithmenos
Elyvilon
Hepliaklqana
Xom


Innate Abilities, Weirdness & Mutations

You are very small and have problems with some larger weapons.
You are too small for most types of armour.
You have supernaturally acute eyesight. (SInv)
You are a herbivore.
You cover ground extremely quickly.
You need to consume almost no food.


Message History

The killer bee misses you.
You are too injured to fight recklessly!
You are too injured to fight recklessly!
You are too injured to fight recklessly!
You closely miss the killer bee.
You feel sick. The killer bee barely misses you.
You hit the killer bee but do no damage.
The killer bee closely misses you. The killer bee stings you.
* * * LOW HITPOINT WARNING * * *
You hit the killer bee.
The killer bee is lightly wounded.
The killer bee closely misses you.
You hit the killer bee.
The killer bee is moderately wounded.
The killer bee stings you!
* * * LOW HITPOINT WARNING * * *
The killer bee closely misses you.
You feel protected. The killer bee stings you.
You die...

.## *,,,,,,**** ..#
*##***,***,,,,* #.# *##.,,,,,*
****,** #.### *..,****** *,,*
#..>#### ##.#** **,* ** ###....#
#..# *,***, ....##.#####.#*
*,,*,, ###......##).#######
**,,,, ###.##......Sy@..# *,,,,
#....##.######.######## *,,,,
***####....####*#..[.....###,,,,
*,,,,,......"[.#######....รท#,,,,
*****#########.............#,,,,
###########.^###..#####.....#**),
#.##.#)..#...P###..####.....##,,,
#..#.#..)#.[^^.P##.##>.........,,
##.#).^^......P.P#.......#####.,,


You could see a killer bee and an adder.

Vanquished Creatures
  Edmund (D:4)
  An ogre (D:4)
  5 scorpions
  A howler monkey (D:3)
  2 bullfrog skeletons
  A centaur skeleton (D:4)
  2 orc priests
  An iguana (D:4)
  2 orc wizards (D:4)
  A worker ant (D:4)
  8 adders
  3 gnolls (D:4)
  2 worms
  2 dart slugs (D:1)
  4 leopard geckos
  10 orcs
  12 bats
  5 giant cockroaches
  2 goblins (D:1)
  6 hobgoblins
  10 jackals
  7 kobolds
  A quokka (D:4)
  3 ball pythons
  3 frilled lizards
  9 rats
104 creatures vanquished.

Vanquished Creatures (others)
  3 fungi (D:4)
3 creatures vanquished.

Grand Total: 107 creatures vanquished

Notes
Turn   | Place    | Note
-------+----------+-------------------------------------------
     0 | D:1      | Descartes the Spriggan Warper began the quest for the Orb.
     0 | D:1      | Reached XP level 1. HP: 10/10 MP: 5/5
    33 | D:1      | Reached skill level 1 in Stealth
   107 | D:1      | Reached XP level 2. HP: 15/15 MP: 6/6
   729 | D:1      | Reached skill level 4 in Dodging
   745 | D:1      | Reached XP level 3. HP: 15/18 MP: 8/8
  1267 | D:2      | Found a shattered altar of Ashenzari.
  1689 | D:2      | Reached XP level 4. HP: 8/23 MP: 10/10
  1835 | D:1      | Learned a level 2 spell: Blink
  1838 | D:1      | Learned a level 2 spell: Shroud of Golubria
  1932 | D:2      | Found a hazy altar of Hepliaklqana.
  2353 | D:2      | HP: 1/23 [worm (9)]
  2887 | D:3      | Learned a level 2 spell: Sticks to Snakes
  3070 | D:3      | Found a shadowy altar of Dithmenos.
  3222 | D:3      | Reached XP level 5. HP: 27/27 MP: 9/11
  3504 | D:3      | Learned a level 1 spell: Confusing Touch
  4132 | D:3      | Reached skill level 1 in Charms
  4512 | D:3      | Reached skill level 1 in Transmutations
  4705 | D:3      | Reached skill level 1 in Slings
  4705 | D:3      | Reached skill level 5 in Dodging
  4705 | D:3      | Reached skill level 1 in Hexes
  4705 | D:3      | Reached XP level 6. HP: 32/32 MP: 12/12
  4974 | D:4      | Reached skill level 5 in Translocations
  5820 | D:3      | Reached XP level 7. HP: 26/35 MP: 12/14
  7007 | D:4      | Found a shimmering altar of Xom.
  7320 | D:4      | Found a white marble altar of Elyvilon.
  7640 | D:5      | Entered Level 5 of the Dungeon
  7640 | D:5      | Noticed Edmund
  7990 | D:4      | Killed Edmund
  7990 | D:4      | Reached skill level 6 in Dodging
  8138 | D:4      | HP: 1/36 [killer bee (5)]
  8139 | D:4      | Slain by a killer bee

Levels and vault maps discovered:
D:1:      dpeg_arrival_arbitrary_c, layout_loops_ring, skrybe_limestone_x,
          minmay_curled_crystal
D:2:      minmay_alternating_diamond, layout_basic,
          nicolae_ashenzari_panopticon, lemuel_doored_altar,
          kennysheep_generic_room_6
D:3:      layout_basic, lemuel_round_altar, first_ration
D:4:      old_forge, layout_rooms, elyvilon_altar_5, old_standard_altar
D:5:      layout_rooms, zin_scriptorium, temple_green,
          nicolae_gozag_cash_rules_everything_around_me, uniq_edmund

Skill      XL: |  1  2  3  4  5  6  7 |
---------------+----------------------+-----
Stealth        | 1 2 3 4 |  4.7
Spellcasting   | 3 4 |  4.7
Dodging        | 4 5 6 |  6.0
Fighting       | 2 3 |  3.0
Short Blades   | 3 4 |  4.1
Charms         | 1 2 3 |  3.0
Transmutations | 1 2 |  2.7
Slings         | 1 2 |  2.3
Hexes          | 1 2 |  2.4
Translocations | 5 |  5.5
Throwing       | |  1.0

Action                   |  1- 3 |  4- 6 |  7- 9 || total
-------------------------+-------+-------+-------++-------
Melee: Short sword       |   157 |   226 |       ||   383
       Dagger            |       |       |   147 ||   147
 Fire: Hunting sling     |       |   134 |    45 ||   179
 Cast: Shroud of Golubri |       |    15 |     6 ||    21
  Use: Potion            |       |     3 |     1 ||     4
       Scroll            |       |     3 |     1 ||     4
 Stab: Sleeping          |     5 |     6 |     5 ||    16
  Eat: Ration            |       |     2 |     1 ||     3
Armor: Robe              |    16 |    20 |     5 ||    41
Dodge: Dodged            |   135 |   234 |   120 ||   489
